Map: Echo LE (Void)

Players

ArT

  • Race: Protoss Protoss
  • League: Master

Elazer

  • Race: Protoss Protoss
  • League: Master

soul (Elazer)

  • Race: Terran Terran
  • League: Master

Rodzyn (souL)

  • Race: Terran Terran
  • League: Master

VOD

Have the link to the VOD?

Description

Time

  • Played on: Nov. 26, 2016, 2:38 p.m.
  • Length: 10:59
Show
View Real Time Build Order
Export as new Build Order

ArT Protoss 

Build Orders: 1 Gate Expand, Zealot Archon 

Get SALT Encoding   

  12  0:01  Probe (Chrono Boost)  
  13  0:11  Probe (Chrono Boost)  
  14  0:17  Pylon  
  14  0:22  Probe (Chrono Boost)  
  16  0:36  Probe (Chrono Boost), Gateway  
  16  0:42  Assimilator  
  16  0:46  Probe (Chrono Boost)  
  17  0:57  Probe (Chrono Boost)  
  18  1:07  Probe (Chrono Boost)  
  19  1:21  Nexus  
  19  1:23  Probe (Chrono Boost)  
  20  1:34  Cybernetics Core  
  20  1:36  Probe (Chrono Boost)  
  21  1:42  Assimilator  
  21  1:46  Probe (Chrono Boost)  
  22  1:51  Pylon  
  22  1:57  Probe (Chrono Boost)  
  23  2:11  Mothership Core (Chrono Boost), Warp Gate  
  25  2:16  Adept  
  27  2:29  Probe (Chrono Boost)  
  28  2:34  Probe (Chrono Boost)  
  29  2:38  Robotics Facility  
  29  2:40  Probe (Chrono Boost)  
  29  2:43  Adept  
  32  2:45  Probe (Chrono Boost)  
  32  2:50  Probe (Chrono Boost)  
  34  2:55  Probe (Chrono Boost)  
  35  3:01  Probe (Chrono Boost)  
  36  3:06  Probe (Chrono Boost)  
  36  3:11  Probe (Chrono Boost)  
  38  3:17  Assimilator  
  38  3:18  Probe (Chrono Boost)  
  41  3:21  Gateway  
  41  3:23  Observer  
  40  3:29  Probe (Chrono Boost)  
  40  3:30  Robotics Bay  
  40  3:32  Probe (Chrono Boost)  
  42  3:43  Probe (Chrono Boost)  
  42  3:45  Probe (Chrono Boost), Warp Prism  
  42  3:47  Pylon  
  41  3:55  Probe (Chrono Boost)  
  44  3:56  Probe (Chrono Boost)  
  45  4:03  Pylon  
  45  4:07  Probe x2 (Chrono Boost)  
  47  4:11  Gravitic Drive  
  47  4:16  Disruptor  
  47  4:19  Probe x2 (Chrono Boost)  
  47  4:24  Assimilator  
  52  4:29  Stalker x2  
  57  4:31  Probe (Chrono Boost)  
  57  4:32  Pylon  
  57  4:35  Probe (Chrono Boost)  
  58  4:43  Probe (Chrono Boost)  
  59  4:50  Observer  
  59  4:51  Nexus  
  60  4:53  Pylon  
  61  5:00  Probe (Chrono Boost)  
  61  5:06  Twilight Council  
  61  5:07  Forge  
  61  5:10  Probe (Chrono Boost)  
  62  5:14  Stalker x2  
  62  5:20  Probe (Chrono Boost)  
  68  5:22  Probe (Chrono Boost), Observer  
  68  5:24  Pylon  
  68  5:26  Protoss Ground Armor Level 1  
  68  5:28  Blink  
  69  5:32  Probe (Chrono Boost)  
  69  5:34  Probe (Chrono Boost)  
  71  5:39  Gateway  
  71  5:41  Gateway  
  71  5:48  Probe x2 (Chrono Boost)  
  73  5:52  Sentry x2  
  73  5:55  Pylon  
  77  6:00  Probe (Chrono Boost)  
  77  6:01  Probe (Chrono Boost)  
  79  6:06  Probe (Chrono Boost)  
  81  6:12  Probe (Chrono Boost)  
  81  6:17  Probe (Chrono Boost)  
  82  6:19  Probe (Chrono Boost)  
  82  6:22  Stalker x2  
  82  6:24  Probe (Chrono Boost), Gateway  
  82  6:25  Gateway  
  88  6:29  Gateway x2  
  88  6:31  Pylon  
  88  6:37  Probe (Chrono Boost)  
  88  6:40  Probe (Chrono Boost)  
  88  6:42  Probe (Chrono Boost)  
  90  6:48  Immortal  
  90  6:49  Probe (Chrono Boost)  
  90  6:52  Pylon  
  96  6:54  Probe (Chrono Boost), Templar Archives  
  96  7:00  Probe (Chrono Boost)  
  98  7:01  Probe (Chrono Boost), Pylon  
  98  7:02  Assimilator  
  98  7:04  Assimilator, Protoss Ground Armor Level 2  
  98  7:07  Probe (Chrono Boost)  
  99  7:11  Stalker x2  
  99  7:14  Pylon  
  103  7:16  Probe (Chrono Boost), Charge  
  103  7:18  Probe (Chrono Boost)  
  103  7:19  Probe (Chrono Boost)  
  106  7:27  Immortal  
  110  7:32  Zealot x3  
  116  7:37  High Templar x2  
  116  7:38  Zealot x2  
  116  7:41  Archon  
  124  7:54  Photon Cannon  
  124  7:58  High Templar x2  
  126  7:59  Zealot x2  
  126  8:02  Pylon  
  126  8:04  Pylon  
  132  8:06  Pylon  
  132  8:07  Pylon  
  132  8:13  Nexus  
  132  8:14  Immortal  
  132  8:15  Pylon  
  136  8:22  High Templar x2  
  136  8:24  Zealot x3  
  136  8:25  Archon  
  136  8:26  Archon  
  146  8:29  Zealot  
  146  8:30  Zealot x2  
  147  8:46  Pylon  
  146  9:00  Warp Prism  
  146  9:01  High Templar x4  
  146  9:02  Zealot x4  
  160  9:05  Archon x2  
  134  9:22  Forge  
  130  9:25  Stalker x4  
  138  9:33  Nexus, Gateway  
  138  9:34  Stargate, Gateway  
  138  9:35  Pylon  
  138  9:38  Pylon  
  137  9:49  Pylon  
  137  9:51  Pylon  
  137  9:58  High Templar x2, Stalker x2  
  137  9:59  Zealot x4  
  153  10:02  Archon  
  125  10:23  Zealot x6  
  121  10:35  Stalker x2  
  115  10:40  Probe (Chrono Boost)  
  115  10:41  Assimilator  
  111  10:43  Probe (Chrono Boost)  
  111  10:45  Pylon  
  109  10:48  Pylon  
Show
View Real Time Build Order
Export as new Build Order

Elazer Protoss 

Build Orders:  

Get SALT Encoding   

  12  0:00  SCV  
  13  0:13  SCV  
  14  0:18  Supply Depot  
  14  0:25  SCV  
  15  0:30  Refinery  
  15  0:39  SCV  
  16  0:44  Barracks  
  16  0:51  SCV  
  17  1:03  SCV  
  18  1:15  SCV  
  19  1:31  Reaper  
  19  1:32  Orbital Command  
  20  1:46  Command Center  
  20  1:54  Factory  
  20  1:57  SCV  
  21  2:06  Supply Depot  
  21  2:09  SCV  
  21  2:15  Barracks Reactor  
  22  2:21  SCV  
  23  2:36  SCV  
  24  2:48  SCV  
  25  2:54  Hellion x2  
  25  2:58  Orbital Command  
  29  2:59  Barracks Tech Lab  
  29  3:00  SCV  
  30  3:10  Command Center  
  30  3:12  SCV  
  31  3:19  Engineering Bay  
  31  3:24  SCV  
  31  3:26  SCV  
  33  3:28  Widow Mine, Marine x2  
  37  3:35  Supply Depot  
  37  3:36  SCV  
  36  3:44  SCV  
  36  3:46  Marine  
  37  3:50  Missile Turret  
  37  3:51  SCV  
  37  3:52  Marine  
  39  3:57  Siege Tank, SCV  
  43  4:03  SCV  
  43  4:07  Barracks  
  43  4:08  Barracks  
  43  4:09  SCV  
  45  4:12  Marine x2  
  45  4:16  SCV  
  48  4:17  Supply Depot  
  48  4:21  SCV  
  48  4:22  Orbital Command  
  49  4:26  Refinery  
  49  4:28  SCV  
  49  4:29  Siege Tank  
  53  4:32  Marine  
  53  4:33  SCV  
  53  4:34  Marine  
  53  4:37  Refinery  
  56  4:41  SCV  
  56  4:45  Supply Depot, SCV  
  57  4:47  Bunker  
  58  4:52  Bunker  
  58  4:53  SCV  
  58  4:56  SCV  
  60  5:01  Siege Tank, Supply Depot  
  60  5:04  SCV  
  60  5:05  SCV  
  60  5:06  Supply Depot  
  65  5:08  Missile Turret  
  65  5:09  SCV  
  66  5:15  Barracks Tech Lab x2  
  66  5:16  Refinery, Supply Depot, SCV  
  66  5:17  SCV  
  68  5:22  SCV  
  69  5:29  Marine x2  
  69  5:31  SCV  
  69  5:33  SCV  
  73  5:37  Stimpack  
  73  5:39  Starport  
  73  5:40  Marine x2  
  73  5:41  Supply Depot  
  75  5:43  Combat Shields  
  75  5:44  SCV  
  75  5:47  Marine  
  75  5:48  Marine  
  75  5:49  SCV  
  74  5:56  SCV  
  75  5:58  Marine x2  
  75  6:01  SCV  
  78  6:04  Marine  
  78  6:05  Missile Turret  
  78  6:06  Marine  
  78  6:07  Siege Tank  
  78  6:08  Missile Turret, SCV  
  82  6:13  SCV  
  82  6:15  Orbital Command  
  83  6:18  Starport Reactor  
  83  6:20  Barracks, SCV  
  83  6:21  Barracks  
  83  6:25  SCV  
  85  6:30  Marine x2  
  85  6:31  Marine  
  85  6:32  SCV  
  89  6:37  SCV  
  88  6:40  SCV  
  88  6:42  Supply Depot, Marine  
  88  6:44  Terran Infantry Weapons Level 1, SCV  
  89  6:49  SCV  
  89  6:50  Siege Tank  
  89  6:53  SCV  
  94  6:56  SCV, Marine x2  
  94  6:58  Medivac  
  99  7:01  Medivac, SCV  
  99  7:02  Refinery  
  99  7:03  Marine x2  
  99  7:05  SCV  
  106  7:08  SCV  
  106  7:10  Barracks Reactor  
  106  7:12  Barracks Tech Lab  
  106  7:14  Marine  
  107  7:18  SCV  
  107  7:20  SCV  
  107  7:24  SCV  
  107  7:26  Siege Tank, Marauder  
  107  7:29  Refinery  
  113  7:35  Marine  
  113  7:36  Supply Depot, Marauder x2, Concussive Shells  
  113  7:37  Supply Depot  
  118  7:38  Medivac, Supply Depot  
  118  7:40  Marine  
  121  7:46  Barracks  
  121  7:47  Medivac  
  121  7:48  Marauder  
  121  7:49  Barracks  
  125  7:54  Missile Turret  
  125  7:55  Marine  
  125  7:56  Missile Turret, SCV  
  125  7:58  Marauder, SCV x2  
  129  7:59  Marauder  
  129  8:03  Marine  
  129  8:04  Marine  
  133  8:08  Siege Tank, SCV  
  133  8:09  Marauder  
  139  8:14  Supply Depot  
  139  8:15  Supply Depot, SCV  
  139  8:18  Marine x2  
  142  8:20  SCV x2  
  142  8:25  Medivac x2  
  148  8:32  Marine  
  149  8:36  Marauder x3, Marine  
  149  8:37  Marine  
  149  8:38  Marine  
  149  8:40  Siege Tank  
  160  8:49  Marine, Barracks Tech Lab x2  
  160  8:53  Armory, Marine  
  160  8:55  Medivac x2, Engineering Bay  
  164  8:57  Terran Infantry Armor Level 1  
  164  8:58  Marauder  
  164  9:00  Marauder  
  164  9:01  Marine  
  165  9:08  Liberator  
  158  9:15  Liberator, Marine  
  158  9:16  Marauder  
  129  9:17  Siege Tank  
  129  9:24  Marauder x2, Marine  
  122  9:25  Marauder, Marine  
  122  9:26  Marauder, Marine  
  131  9:33  Marine  
  131  9:37  Marauder  
  137  9:41  Marine  
  137  9:42  Command Center  
  137  9:43  Marine  
  137  9:44  Marine  
  144  9:45  Marauder  
  144  9:46  Marauder  
  144  9:47  Marauder  
  144  9:48  Marauder  
  144  9:49  Siege Tank  
  144  9:51  Marine  
  152  9:58  Marine  
  152  9:59  Marine  
  153  10:06  Marine  
  158  10:07  Marauder x2  
  158  10:09  Marine  
  158  10:10  Marauder, Marine  
  158  10:11  Marauder  
  163  10:16  Marine  
  163  10:18  Marine  
  138  10:23  Marine  
  138  10:27  Marine  
  119  10:28  Medivac, Marauder x2, Marine  
  119  10:32  Marine  
  119  10:35  Marine  
  101  10:37  Marine  
Show
View Real Time Build Order
Export as new Build Order

soul Terran 

Build Orders:  

Get SALT Encoding   

Show
View Real Time Build Order
Export as new Build Order

Rodzyn Terran 

Build Orders:  

Get SALT Encoding   

Tags
 
Add a new tag
Caveats
  • Supply blocks, unpowered buildings, or Contaminate may cause inaccurate times.
  • Supply counts are checked every 10 seconds.